Harfangs vs Inferno

Created - February 6, 2018 at 19:06

Goals
1 2 3 T
Harfangs 1 6 2 9
Inferno 2 0 3 5
Shots
1 2 3 T
Harfangs 8 23 8 39
Inferno 18 11 10 39

1st period

1. Inferno , Anders Lee 19 (David Savard 13, Michael Hutchinson) at 7:18
2. Harfangs , Jean-Gabriel Pageau 16 (Cody Eakin 23) at 10:45 (SH)
3. Inferno , Vladimir Zharkov 28 (David Ullstrom 37, Anders Lee 25) at 10:51 (PP)

Penalties :
Greg Pateryn (Anc) for Hooking (Minor) at 5:02, Andreas Martinsen (BEA) for Hooking (Minor) at 10:16

2nd period

4. Harfangs , Jean-Gabriel Pageau 17 (Michal Repik 3, Nick Holden 7) at 4:50
5. Harfangs , Tomas Kubalik 10 (Cody Eakin 24, Brian Lashoff 11) at 10:56
6. Harfangs , Nathan Beaulieu 5 (Cody Eakin 25) at 13:09
7. Harfangs , Michal Repik 11 (Jean-Gabriel Pageau 22, Tomas Kubalik 22) at 14:38
8. Harfangs , Tomas Kubalik 11 (Cody Eakin 26) at 15:22 (PP)
9. Harfangs , Cody Eakin 15 (Nick Holden 8) at 18:54

Penalties :
Christopher Gibson (Anc) for Slashing (Minor) at 15:14 - Vladimir Sobotka served the penalty, Colby Robak (Anc) for Hooking (Minor) at 19:41

3rd period

10. Harfangs , Calle Jarnkrok 8 (Andreas Martinsen 11, Mark Alt 9) at 1:55
11. Harfangs , Jean-Gabriel Pageau 18 (Dustin Jeffrey 13, Nick Holden 9) at 13:00
12. Inferno , Matt Kassian 10 (David Savard 14, Bryan Rust 4) at 14:13
13. Inferno , David Ullstrom 18 (Vladimir Sobotka 26, Sami Vatanen 33) at 14:21
14. Inferno , David Ullstrom 19 (Colby Robak 19, Vladimir Sobotka 27) at 14:29

Penalties :
Philip Varone (Anc) for Charging (Minor) at 3:40, Vladimir Zharkov (Anc) for Tripping (Minor) at 5:32

Goalie Stats

Andrew Hammond (BEA), 34 saves from 39 shots - (0.872), W, 19-13-2, 60:00 minutes
Christopher Gibson (Anc), 9 saves from 13 shots - (0.692), L, 11-7-0, 8:46 minutes
Michael Hutchinson (Anc), 21 saves from 26 shots - (0.808), 51:14 minutes

Players Stats for Harfangs

Player Name              G  A  P  +/- PIM S  H  SB GA TA FO     MP     PP MP  PK MP  
------------------------------------------------------------------------------------
Alex Plante              0  0  0   0  0   0  1  0  0  0  0/0     5:26   0:00   0:00 
Andreas Martinsen        0  1  1   0  2   0  2  1  0  0  0/0    10:51   0:00   0:00 
Angelo Esposito          0  0  0   0  0   0  0  0  0  0  0/0     0:00   0:00   0:00 
Brendan Leipsic          0  0  0   0  0   0  0  0  0  0  0/0     0:00   0:00   0:00 
Brenden Kichton          0  0  0   0  0   0  0  0  0  0  0/0     0:00   0:00   0:00 
Brian Lashoff            0  1  1   1  0   2  5  1  0  1  0/0    24:46   4:05   0:35 
Calle Jarnkrok           1  0  1   0  0   4  0  1  1  1  4/7    10:52   0:00   0:00 
Cody Eakin               1  4  5   1  0   6  0  1  0  0  23/42  24:09   4:24   0:35 
Colton Sissons           0  0  0   0  0   0  0  0  0  1  0/2     7:28   0:00   0:00 
Cristoval Nieves         0  0  0   0  0   0  0  0  0  0  0/0     0:00   0:00   0:00 
Dustin Jeffrey           0  1  1   3  0   4  0  0  0  0  2/2    17:31   3:33   0:00 
Dylan Olsen              0  0  0   0  0   1  0  1  0  0  0/0    19:19   3:52   0:00 
Jake Dotchin             0  0  0   0  0   0  0  0  0  0  0/0     0:00   0:00   0:00 
Jean-Gabriel Pageau      3  1  4   4  0   4  1  1  0  0  10/22  18:06   3:33   0:35 
Joel Armia               0  0  0   0  0   0  2  0  0  0  0/0    10:52   0:00   0:00 
Jujhar Khaira            0  0  0   0  0   0  1  0  0  0  0/0     7:28   0:00   0:00 
Mark Alt                 0  1  1   3  0   0  0  2  0  0  0/0    10:29   0:00   0:00 
Michal Repik             1  1  2   3  0   3  0  2  0  0  0/0    17:31   3:33   0:00 
Nathan Beaulieu          1  0  1   0  0   2  1  0  0  2  0/0    19:19   3:52   0:00 
Nick Holden              0  3  3   3  0   0  0  1  0  0  0/0    10:29   0:00   0:00 
Reid McNeill             0  0  0   0  0   0  0  0  0  0  0/0     5:26   0:00   0:00 
Sebastian Wannstrom      0  0  0   0  0   2  0  0  0  1  0/0     7:28   0:00   0:00 
Tomas Kubalik            2  1  3   0  0   3  3  1  2  0  0/1    23:34   4:24   0:00 
Victor Bartley           0  0  0   1  0   2  3  1  1  0  0/0    24:46   4:05   0:35 
Vojtech Polak            0  0  0   0  0   6  3  1  2  0  0/2    23:34   4:24   0:00 

Players Stats for Inferno

Player Name              G  A  P  +/- PIM S  H  SB GA TA FO     MP     PP MP  PK MP  
------------------------------------------------------------------------------------
Anders Lee               1  1  2  -2  0   6  1  0  0  0  8/23   17:23   0:35   1:00 
Bryan Rust               0  1  1  -1  0   1  1  0  1  1  0/1    15:44   0:00   0:00 
Cal O'Reilly             0  0  0  -1  0   2  1  0  0  0  3/4    11:51   0:00   1:41 
Christian Folin          0  0  0  -2  0   0  0  2  0  0  0/0    14:41   0:00   0:00 
Colby Robak              0  1  1  -1  2   2  2  3  0  1  0/0    24:08   0:35   3:44 
David Savard             0  2  2   0  0   3  0  2  2  2  0/0    22:09   0:00   5:17 
David Ullstrom           2  1  3  -2  0   9  4  0  0  0  2/4    22:16   0:35   2:56 
Esa Lindell              0  0  0  -2  0   1  0  0  0  0  0/0    11:50   0:00   1:12 
Greg Pateryn             0  0  0  -3  2   0  2  2  0  0  0/0    20:54   0:00   2:39 
Luca Sbisa               0  0  0   0  0   0  0  0  0  0  0/0    13:12   0:00   0:00 
Matt Kassian             1  0  1  -1  0   3  2  0  0  0  0/0    15:44   0:00   0:00 
Matthew Nieto            0  0  0   0  0   1  0  0  0  0  0/0     8:16   0:00   1:30 
Philip Varone            0  0  0   0  2   0  0  0  0  0  1/2     6:45   0:00   0:04 
Sami Vatanen             0  1  1  -1  0   1  1  1  0  0  0/0    23:17   0:35   3:02 
Tanner Pearson           0  0  0  -1  0   1  0  0  1  0  0/1    10:34   0:00   0:24 
Tyler Shattock           0  0  0   0  0   0  0  0  0  0  0/0     6:42   0:00   0:00 
Vladimir Sobotka         0  2  2  -1  0   3  2  0  0  2  25/42  23:23   0:00   4:35 
Vladimir Zharkov         1  0  1  -2  2   6  3  1  2  0  0/1    23:03   0:35   3:36 

3 Stars

1 - Jean-Gabriel Pageau (BEA)
2 - Cody Eakin (BEA)
3 - Tomas Kubalik (BEA)

Power Play

Harfangs - 1 on 5 Attempt(s) - 20.00%
Inferno - 1 on 1 Attempt(s) - 100.00%

Penalty Kill

Harfangs - 0 on 1 Attempt(s) - 0.00% - Score 1 goal in Penalty Kill
Inferno - 4 on 5 Attempt(s) - 80.00% - Score 0 goal in Penalty Kill

Team Stat

Harfangs - Hits : 22 - Faceoff Wins : 39 - Blocked Shots : 14 - Penalty Minutes : 2
Inferno - Hits : 19 - Faceoff Wins : 39 - Blocked Shots : 11 - Penalty Minutes : 10

Official

Referees : McCauley Wes and LaRue Dennis
Linesman : Shane Heyer and Brian Murphy

Game Notes

Christopher Gibson enters game at 13:09 of 2nd period
Michael Hutchinson enters game at 1:55 of 3rd period
Jean-Gabriel Pageau has scored a Hat Trick!
14:13 of 3rd period - Inferno goal is going for a video replay. After video review, Goal.

Finance

Level 1 -- Attendance: 1473 (73.65%) -- Ticket Income $58,920
Level 2 -- Attendance: 815 (81.50%) -- Ticket Income $16,300
Total Attendance: 2288 (76.27%)
Total Ticket Income: $75,220
Other Income: $3,761
Total Income: $78,981

Harfangs

5 vs 5 Forward 
   Center                   Left Wing                Right Wing               Time % Phy DF OF 
 1 Cody Eakin               Vojtech Polak            Tomas Kubalik            40     1   2  2  
 2 Jean-Gabriel Pageau      Dustin Jeffrey           Michal Repik             30     1   2  2  
 3 Calle Jarnkrok           Andreas Martinsen        Joel Armia               20     1   2  2  
 4 Colton Sissons           Jujhar Khaira            Sebastian Wannstrom      10     1   2  2  

5 vs 5 Defense 
   Defense                  Defense                                           Time % Phy DF OF 
 1 Victor Bartley           Brian Lashoff                                     40     1   2  2  
 2 Nathan Beaulieu          Dylan Olsen                                       30     1   2  2  
 3 Nick Holden              Mark Alt                                          20     1   2  2  
 4 Alex Plante              Reid McNeill                                      10     1   2  2  

PowerPlay Forward 
   Center                   Left Wing                Right Wing               Time % Phy DF OF 
 1 Cody Eakin               Vojtech Polak            Tomas Kubalik            60     1   2  2  
 2 Jean-Gabriel Pageau      Dustin Jeffrey           Michal Repik             40     1   2  2  

PowerPlay Defense
   Defense                  Defense                                           Time % Phy DF OF 
 1 Victor Bartley           Brian Lashoff                                     60     1   2  2  
 2 Nathan Beaulieu          Dylan Olsen                                       40     1   2  2  

Penalty Kill 4 Players Forward 
   Center                   Wing                     Time % Phy DF OF 
 1 Cody Eakin               Jean-Gabriel Pageau      60     1   2  2  
 2 Vojtech Polak            Dustin Jeffrey           40     1   2  2  

Penalty Kill 4 Players Defense
   Defense                  Defense                  Time % Phy DF OF 
 1 Victor Bartley           Brian Lashoff            60     1   2  2  
 2 Nathan Beaulieu          Dylan Olsen              40     1   2  2  

Penalty Kill - 3 Players Forward 
   Forward                                           Time % Phy DF OF 
 1 Cody Eakin                                        60     1   2  2  
 2 Jean-Gabriel Pageau                               40     1   2  2  

Penalty Kill - 3 Players Defense
   Defense                  Defense                  Time % Phy DF OF 
 1 Victor Bartley           Brian Lashoff            60     1   2  2  
 2 Nathan Beaulieu          Dylan Olsen              40     1   2  2  

4 vs 4 Forward 
   Center                   Wing                     Time % Phy DF OF 
 1 Cody Eakin               Jean-Gabriel Pageau      60     1   2  2  
 2 Vojtech Polak            Dustin Jeffrey           40     1   2  2  

4 vs 4 Defense
   Defense                  Defense                  Time % Phy DF OF 
 1 Victor Bartley           Brian Lashoff            60     1   2  2  
 2 Nathan Beaulieu          Dylan Olsen              40     1   2  2  

Last Minutes Offensive
   Center                   Left Wing                Right Wing               Defense                  Defense                  
   Cody Eakin               Vojtech Polak            Tomas Kubalik            Victor Bartley           Brian Lashoff            

Last Minutes Defensive
   Center                   Left Wing                Right Wing               Defense                  Defense                  
   Cody Eakin               Vojtech Polak            Tomas Kubalik            Victor Bartley           Brian Lashoff            

Goaltenders
Starting : Andrew Hammond           
Backup : Anton Forsberg           

Extra Forwards
Normal : Angelo Esposito, Brendan Leipsic, Cristoval Nieves - PP : Angelo Esposito, Brendan Leipsic - PK : Cristoval Nieves
Extra Defensemen
Normal : Brenden Kichton, Jake Dotchin, Nick Holden - PP : Brenden Kichton - PK : Jake Dotchin, Nick Holden
Penalty Shots
Cody Eakin, Jean-Gabriel Pageau, Vojtech Polak, Dustin Jeffrey, Tomas Kubalik

Scratches
Brandon Pirri (Left Ankle Injury), John Macfarland (Healthy), Dennis Everberg (Herniated Disc Injury), Jason Kasdorf (Healthy), Mark Visentin (Healthy)
Scott Wedgewood (Healthy)

Inferno

5 vs 5 Forward 
   Center                   Left Wing                Right Wing               Time % Phy DF OF 
 1 Vladimir Sobotka         David Ullstrom           Vladimir Zharkov         40     1   2  2  
 2 Anders Lee               Matt Kassian             Bryan Rust               30     1   2  2  
 3 Cal O'Reilly             Tanner Pearson           Esa Lindell              20     1   2  2  
 4 Philip Varone            Matthew Nieto            Tyler Shattock           10     1   2  2  

5 vs 5 Defense 
   Defense                  Defense                                           Time % Phy DF OF 
 1 Colby Robak              Sami Vatanen                                      40     1   2  2  
 2 Greg Pateryn             Christian Folin                                   30     1   2  2  
 3 Luca Sbisa               David Savard                                      20     1   2  2  
 4 Greg Pateryn             David Savard                                      10     1   2  2  

PowerPlay Forward 
   Center                   Left Wing                Right Wing               Time % Phy DF OF 
 1 Anders Lee               David Ullstrom           Vladimir Zharkov         60     1   2  2  
 2 Philip Varone            Tanner Pearson           Bryan Rust               40     1   2  2  

PowerPlay Defense
   Defense                  Defense                                           Time % Phy DF OF 
 1 Colby Robak              Sami Vatanen                                      60     1   2  2  
 2 Greg Pateryn             Christian Folin                                   40     1   2  2  

Penalty Kill 4 Players Forward 
   Center                   Wing                     Time % Phy DF OF 
 1 Vladimir Sobotka         Vladimir Zharkov         60     1   2  2  
 2 Cal O'Reilly             David Ullstrom           40     1   2  2  

Penalty Kill 4 Players Defense
   Defense                  Defense                  Time % Phy DF OF 
 1 Colby Robak              David Savard             60     1   2  2  
 2 Greg Pateryn             Sami Vatanen             40     1   2  2  

Penalty Kill - 3 Players Forward 
   Forward                                           Time % Phy DF OF 
 1 Vladimir Sobotka                                  60     1   2  2  
 2 David Ullstrom                                    40     1   2  2  

Penalty Kill - 3 Players Defense
   Defense                  Defense                  Time % Phy DF OF 
 1 Colby Robak              David Savard             60     1   2  2  
 2 Greg Pateryn             Sami Vatanen             40     1   2  2  

4 vs 4 Forward 
   Center                   Wing                     Time % Phy DF OF 
 1 Vladimir Sobotka         Vladimir Zharkov         60     1   2  2  
 2 Cal O'Reilly             David Ullstrom           40     1   2  2  

4 vs 4 Defense
   Defense                  Defense                  Time % Phy DF OF 
 1 Colby Robak              Sami Vatanen             60     1   2  2  
 2 Greg Pateryn             Christian Folin          40     1   2  2  

Last Minutes Offensive
   Center                   Left Wing                Right Wing               Defense                  Defense                  
   Vladimir Sobotka         David Ullstrom           Vladimir Zharkov         Colby Robak              David Savard             

Last Minutes Defensive
   Center                   Left Wing                Right Wing               Defense                  Defense                  
   Vladimir Sobotka         David Ullstrom           Vladimir Zharkov         Colby Robak              David Savard             

Goaltenders
Starting : Michael Hutchinson       
Backup : Christopher Gibson       

Extra Forwards
Normal : Tanner Pearson, Anders Lee, Bryan Rust - PP : Bryan Rust, Cal O'Reilly - PK : David Ullstrom
Extra Defensemen
Normal : Greg Pateryn, Esa Lindell, Christian Folin - PP : Christian Folin - PK : Greg Pateryn, Sami Vatanen
Penalty Shots
Matt Kassian, Vladimir Zharkov, Tanner Pearson, Vladimir Sobotka, Anders Lee

Scratches
Chris Brown (Healthy), Victor Rask (Healthy), Frank Corrado (Healthy), Ryan Spooner (Healthy), Kyle Palmieri (Broken Left Index Finger Injury)
Joakim Nordstrom (Healthy), Trevor Carrick (Healthy), Petteri Lindbohm (Healthy), Daniil Tarasov (Healthy), Branden Troock (Healthy)
Simon Danis-Pepin (Healthy), Mathieu Brodeur (Healthy), Nathan Lieuwen (Healthy)

% Time on Ice - Harfangs

Lines # - Real PCT - Wanted PCT - Time Play
Normal Forward
1 - 37% - 40% - 19:10
2 - 27% - 30% - 13:58
3 - 21% - 20% - 10:52
4 - 15% - 10% - 7:28
Normal Defense
1 - 39% - 40% - 20:06
2 - 30% - 30% - 15:27
3 - 20% - 20% - 10:29
4 - 11% - 10% - 5:26
PP Forward
1 - 55% - 60% - 4:24
2 - 45% - 40% - 3:33
PP Defense
1 - 51% - 60% - 4:05
2 - 49% - 40% - 3:52
PK Forward
1 - 100% - 60% - 0:35
2 - 0% - 40% - 0:00
PK Defense
1 - 100% - 60% - 0:35
2 - 0% - 40% - 0:00
PK3 Forward
1 - 0% - 60%
2 - 0% - 40%
PK3 Defense
1 - 0% - 60%
2 - 0% - 40%
44 Forward
1 - 0% - 60%
2 - 0% - 40%
44 Defense
1 - 0% - 60%
2 - 0% - 40%
Last Minute Offensive  - 0:00
Last Minute Defensive  - 0:00
Total
Forward - 60:00
Defense - 60:00

% Time on Ice - Inferno

Lines # - Real PCT - Wanted PCT - Time Play
Normal Forward
1 - 37% - 40% - 18:52
2 - 31% - 30% - 15:44
3 - 20% - 20% - 10:10
4 - 13% - 10% - 6:42
Normal Defense
1 - 38% - 40% - 19:47
2 - 29% - 30% - 15:00
3 - 26% - 20% - 13:12
4 - 7% - 10% - 3:29
PP Forward
1 - 100% - 60% - 0:35
2 - 0% - 40% - 0:00
PP Defense
1 - 100% - 60% - 0:35
2 - 0% - 40% - 0:00
PK Forward
1 - 79% - 60% - 6:09
2 - 21% - 40% - 1:41
PK Defense
1 - 66% - 60% - 5:10
2 - 34% - 40% - 2:40
PK3 Forward
1 - 100% - 60% - 0:07
2 - 0% - 40% - 0:00
PK3 Defense
1 - 100% - 60% - 0:07
2 - 0% - 40% - 0:00
44 Forward
1 - 0% - 60%
2 - 0% - 40%
44 Defense
1 - 0% - 60%
2 - 0% - 40%
Last Minute Offensive  - 0:00
Last Minute Defensive  - 0:00
Total
Forward - 60:00
Defense - 60:00

Play by Play

1st period


0:01 of 1st period - Vladimir Sobotka wins face-off versus Cody Eakin in neutral zone.
0:16 of 1st period - Vojtech Polak is hit by Vladimir Zharkov and loses puck.
0:54 of 1st period - Snap shot by Tomas Kubalik.
0:54 of 1st period - Shot Misses the Net.
0:56 of 1st period - Slapshot by Mark Alt.
0:56 of 1st period - Shot Blocked by Colby Robak.
0:58 of 1st period - Slapshot by Mark Alt.
0:58 of 1st period - Shot Blocked by Colby Robak.
1:00 of 1st period - Wrist shot by Vojtech Polak.
1:00 of 1st period - Stopped by Michael Hutchinson with a rebound.
1:22 of 1st period - Off-side.
1:23 of 1st period - Anders Lee wins face-off versus Jean-Gabriel Pageau in neutral zone.
1:32 of 1st period - Slapshot by Dustin Jeffrey.
1:32 of 1st period - Deflect By Michal Repik.
1:32 of 1st period - Shot Blocked by Greg Pateryn.
1:32 of 1st period - Puck is out of play.
1:33 of 1st period - Jean-Gabriel Pageau wins face-off versus Anders Lee in Inferno zone.
1:34 of 1st period - Slapshot by Michal Repik.
1:34 of 1st period - Shot Blocked by Christian Folin.
1:36 of 1st period - Snap shot by Michal Repik.
1:36 of 1st period - Deflect By Jean-Gabriel Pageau.
1:36 of 1st period - Shot Blocked by Christian Folin.
1:36 of 1st period - Puck is out of play.
1:37 of 1st period - Calle Jarnkrok wins face-off versus Vladimir Sobotka in Inferno zone.
2:02 of 1st period - Victor Bartley is hit by Matt Kassian and loses puck.
3:13 of 1st period - Wrist shot by Calle Jarnkrok.
3:13 of 1st period - Stopped by Michael Hutchinson with a rebound.
3:27 of 1st period - Dustin Jeffrey is hit by Colby Robak.
3:47 of 1st period - Bryan Rust is hit by Brian Lashoff and loses puck.
4:00 of 1st period - Snap shot by Anders Lee.
4:00 of 1st period - Shot Blocked by Vojtech Polak.
5:02 of 1st period - Minor Penalty to Greg Pateryn for Hooking.
5:03 of 1st period - Vladimir Sobotka wins face-off versus Cody Eakin in Inferno zone.
5:14 of 1st period - Snap shot by Cody Eakin.
5:14 of 1st period - Shot Blocked by Colby Robak.
5:16 of 1st period - Slapshot by Brian Lashoff.
5:16 of 1st period - Stopped by Michael Hutchinson without a rebound.
5:17 of 1st period - Vladimir Sobotka wins face-off versus Vojtech Polak in Inferno zone.
5:43 of 1st period - David Ullstrom is hit by Brian Lashoff and loses puck.
6:43 of 1st period - Brian Lashoff is hit by Sami Vatanen.
6:53 of 1st period - Brian Lashoff is hit by Anders Lee.
6:57 of 1st period - Colby Robak is hit by Nathan Beaulieu and loses puck.
7:02 of 1st period - Penalty to Greg Pateryn is over, Greg Pateryn is back on ice.
7:18 of 1st period - Snap shot by Anders Lee.
7:18 of 1st period - Goal by Anders Lee - Harfangs : 0 - Inferno : 1.
7:19 of 1st period - Cody Eakin wins face-off versus Vladimir Sobotka in neutral zone.
7:32 of 1st period - Greg Pateryn is hit by Victor Bartley and loses puck.
7:45 of 1st period - Vladimir Sobotka is hit by Brian Lashoff and loses puck.
8:30 of 1st period - Colby Robak is hit by Andreas Martinsen and loses puck.
9:03 of 1st period - Wrist shot by Vojtech Polak.
9:03 of 1st period - Shot Blocked by David Savard.
9:05 of 1st period - Slapshot by Cody Eakin.
9:05 of 1st period - Shot Misses the Net.
9:21 of 1st period - Wrist shot by Sebastian Wannstrom.
9:21 of 1st period - Stopped by Michael Hutchinson with a rebound.
9:23 of 1st period - Slapshot by Nick Holden.
9:23 of 1st period - Shot Misses the Net.
10:16 of 1st period - Minor Penalty to Andreas Martinsen for Hooking.
10:17 of 1st period - Cody Eakin wins face-off versus Anders Lee in Harfangs zone.
10:31 of 1st period - Off-side.
10:32 of 1st period - Cody Eakin wins face-off versus Anders Lee in neutral zone.
10:45 of 1st period - Wrist shot by Jean-Gabriel Pageau.
10:45 of 1st period - Goal by Jean-Gabriel Pageau - Harfangs : 1 - Inferno : 1.
10:46 of 1st period - Anders Lee wins face-off versus Cody Eakin in neutral zone.
10:51 of 1st period - Wrist shot by Vladimir Zharkov.
10:51 of 1st period - Goal by Vladimir Zharkov - Harfangs : 1 - Inferno : 2.
10:52 of 1st period - Vladimir Sobotka wins face-off versus Cody Eakin in neutral zone.
11:08 of 1st period - Icing by Colby Robak.
11:09 of 1st period - Vladimir Sobotka wins face-off versus Jean-Gabriel Pageau in Inferno zone.
11:09 of 1st period - Vladimir Sobotka is hit by Brian Lashoff.
11:27 of 1st period - Slapshot by David Ullstrom.
11:27 of 1st period - Stopped by Andrew Hammond with a rebound.
11:41 of 1st period - Snap shot by Matt Kassian.
11:41 of 1st period - Deflect By Anders Lee.
11:41 of 1st period - Shot Misses the Net.
11:41 of 1st period - Puck is out of play.
11:42 of 1st period - Cody Eakin wins face-off versus Anders Lee in Harfangs zone.
11:51 of 1st period - Slapshot by Anders Lee.
11:51 of 1st period - Stopped by Andrew Hammond with a rebound.
11:53 of 1st period - Slapshot by Greg Pateryn.
11:53 of 1st period - Shot Blocked by Cody Eakin.
11:55 of 1st period - Slapshot by David Savard.
11:55 of 1st period - Stopped by Andrew Hammond with a rebound.
11:57 of 1st period - Snap shot by Greg Pateryn.
11:57 of 1st period - Shot Blocked by Dylan Olsen.
12:12 of 1st period - Icing by Nathan Beaulieu.
12:13 of 1st period - Cody Eakin wins face-off versus Philip Varone in Harfangs zone.
12:26 of 1st period - Slapshot by Colby Robak.
12:26 of 1st period - Stopped by Andrew Hammond with a rebound.
12:28 of 1st period - Snap shot by Matthew Nieto.
12:28 of 1st period - Deflect By Cody Eakin.
12:28 of 1st period - Shot Misses the Net.
12:28 of 1st period - Puck is out of play.
12:29 of 1st period - Jean-Gabriel Pageau wins face-off versus Vladimir Sobotka in Harfangs zone.
13:15 of 1st period - Nathan Beaulieu is hit by Greg Pateryn and loses puck.
13:22 of 1st period - Slapshot by Dylan Olsen.
13:22 of 1st period - Stopped by Michael Hutchinson with a rebound.
13:24 of 1st period - Wrist shot by Nathan Beaulieu.
13:24 of 1st period - Shot Misses the Net.
13:38 of 1st period - Wrist shot by Vladimir Sobotka.
13:38 of 1st period - Stopped by Andrew Hammond without a rebound.
13:39 of 1st period - Vladimir Sobotka wins face-off versus Cody Eakin in Harfangs zone.
13:46 of 1st period - Snap shot by David Ullstrom.
13:46 of 1st period - Shot Misses the Net.
14:09 of 1st period - Slapshot by Colby Robak.
14:09 of 1st period - Stopped by Andrew Hammond without a rebound.
14:10 of 1st period - Jean-Gabriel Pageau wins face-off versus Bryan Rust in Harfangs zone.
14:41 of 1st period - Icing by Dylan Olsen.
14:42 of 1st period - Cody Eakin wins face-off versus Vladimir Sobotka in Harfangs zone.
14:42 of 1st period - Cody Eakin is hit by Vladimir Sobotka.
14:49 of 1st period - Icing by Vladimir Sobotka.
14:50 of 1st period - Vladimir Sobotka wins face-off versus Cody Eakin in Inferno zone.
15:03 of 1st period - Wrist shot by Vladimir Sobotka.
15:03 of 1st period - Shot Misses the Net.
15:15 of 1st period - Snap shot by Cal O'Reilly.
15:15 of 1st period - Shot Misses the Net.
15:21 of 1st period - Snap shot by Esa Lindell.
15:21 of 1st period - Stopped by Andrew Hammond with a rebound.
15:23 of 1st period - Slapshot by Sami Vatanen.
15:23 of 1st period - Deflect By Cal O'Reilly.
15:23 of 1st period - Stopped by Andrew Hammond with a rebound.
15:25 of 1st period - Wrist shot by Cal O'Reilly.
15:25 of 1st period - Stopped by Andrew Hammond with a rebound.
15:27 of 1st period - Wrist shot by Esa Lindell.
15:27 of 1st period - Shot Blocked by Brian Lashoff.
15:41 of 1st period - Slapshot by Anders Lee.
15:41 of 1st period - Shot Misses the Net.
15:59 of 1st period - Colton Sissons is hit by Vladimir Sobotka and loses puck.
16:04 of 1st period - Wrist shot by David Ullstrom.
16:04 of 1st period - Stopped by Andrew Hammond without a rebound.
16:05 of 1st period - Cody Eakin wins face-off versus Vladimir Sobotka in Harfangs zone.
16:12 of 1st period - Dylan Olsen is hit by David Ullstrom and loses puck.
16:41 of 1st period - Wrist shot by Vladimir Sobotka.
16:41 of 1st period - Deflect By Vladimir Zharkov.
16:41 of 1st period - Stopped by Andrew Hammond without a rebound.
16:42 of 1st period - Jean-Gabriel Pageau wins face-off versus Anders Lee in Harfangs zone.
16:51 of 1st period - Wrist shot by Dustin Jeffrey.
16:51 of 1st period - Shot Misses the Net.
16:53 of 1st period - Slapshot by Mark Alt.
16:53 of 1st period - Deflect By Jean-Gabriel Pageau.
16:53 of 1st period - Shot Misses the Net.
16:53 of 1st period - Puck is out of play.
16:54 of 1st period - Dustin Jeffrey wins face-off versus Anders Lee in Inferno zone.
17:03 of 1st period - Brian Lashoff is hit by Matt Kassian and loses puck.
17:08 of 1st period - Snap shot by Anders Lee.
17:08 of 1st period - Deflect By Jean-Gabriel Pageau.
17:08 of 1st period - Stopped by Andrew Hammond with a rebound.
17:22 of 1st period - Backhand shot by Vladimir Zharkov.
17:22 of 1st period - Deflect By David Ullstrom.
17:22 of 1st period - Stopped by Andrew Hammond without a rebound.
17:23 of 1st period - Vladimir Sobotka wins face-off versus Cody Eakin in Harfangs zone.
17:28 of 1st period - Slapshot by Vladimir Zharkov.
17:28 of 1st period - Stopped by Andrew Hammond without a rebound.
17:29 of 1st period - Cody Eakin wins face-off versus Vladimir Sobotka in Harfangs zone.
17:34 of 1st period - Snap shot by Vojtech Polak.
17:34 of 1st period - Stopped by Michael Hutchinson with a rebound.
18:02 of 1st period - Snap shot by Dustin Jeffrey.
18:02 of 1st period - Stopped by Michael Hutchinson without a rebound.
18:03 of 1st period - Calle Jarnkrok wins face-off versus Vladimir Zharkov in Inferno zone.
18:04 of 1st period - Snap shot by Andreas Martinsen.
18:04 of 1st period - Shot Misses the Net.
18:09 of 1st period - Icing by Sami Vatanen.
18:10 of 1st period - Vladimir Sobotka wins face-off versus Calle Jarnkrok in Inferno zone.
18:21 of 1st period - Wrist shot by David Ullstrom.
18:21 of 1st period - Stopped by Andrew Hammond without a rebound.
18:22 of 1st period - Vladimir Sobotka wins face-off versus Cody Eakin in Harfangs zone.
19:13 of 1st period - Slapshot by Victor Bartley.
19:13 of 1st period - Shot Misses the Net.
19:52 of 1st period - Wrist shot by Vladimir Sobotka.
19:52 of 1st period - Stopped by Andrew Hammond without a rebound.
19:53 of 1st period - Vladimir Sobotka wins face-off versus Cody Eakin in Harfangs zone.
Goals for this period are 1 for Harfangs vs 2 for Inferno.
Shots for this period are 8 for Harfangs vs 18 for Inferno.

2nd period


0:01 of 2nd period - Cody Eakin wins face-off versus Vladimir Sobotka in neutral zone.
0:03 of 2nd period - Off-side.
0:04 of 2nd period - Cody Eakin wins face-off versus Vladimir Sobotka in neutral zone.
0:15 of 2nd period - Vladimir Sobotka is hit by Vojtech Polak and loses puck.
0:52 of 2nd period - Slapshot by Tanner Pearson.
0:52 of 2nd period - Stopped by Andrew Hammond with a rebound.
1:32 of 2nd period - Snap shot by Cody Eakin.
1:32 of 2nd period - Stopped by Michael Hutchinson without a rebound.
1:33 of 2nd period - Cody Eakin wins face-off versus Vladimir Sobotka in Inferno zone.
1:49 of 2nd period - Off-side.
1:50 of 2nd period - Anders Lee wins face-off versus Jean-Gabriel Pageau in neutral zone.
2:24 of 2nd period - Snap shot by Vladimir Sobotka.
2:24 of 2nd period - Stopped by Andrew Hammond without a rebound.
2:25 of 2nd period - Dustin Jeffrey wins face-off versus Tanner Pearson in Harfangs zone.
4:04 of 2nd period - Slapshot by Nathan Beaulieu.
4:04 of 2nd period - Deflect By Sebastian Wannstrom.
4:04 of 2nd period - Shot Hit the Post.
4:04 of 2nd period - Puck is out of play.
4:05 of 2nd period - Anders Lee wins face-off versus Cody Eakin in Inferno zone.
4:10 of 2nd period - Slapshot by Sami Vatanen.
4:10 of 2nd period - Stopped by Andrew Hammond without a rebound.
4:11 of 2nd period - Cody Eakin wins face-off versus Anders Lee in Harfangs zone.
4:11 of 2nd period - Cody Eakin is hit by Colby Robak.
4:38 of 2nd period - Off-side.
4:39 of 2nd period - Jean-Gabriel Pageau wins face-off versus Vladimir Sobotka in neutral zone.
4:44 of 2nd period - Slapshot by Jean-Gabriel Pageau.
4:44 of 2nd period - Shot Misses the Net.
4:46 of 2nd period - Snap shot by Nick Holden.
4:46 of 2nd period - Shot Blocked by Vladimir Zharkov.
4:48 of 2nd period - Snap shot by Michal Repik.
4:48 of 2nd period - Stopped by Michael Hutchinson with a rebound.
4:50 of 2nd period - Snap shot by Jean-Gabriel Pageau.
4:50 of 2nd period - Deflect By David Ullstrom.
4:50 of 2nd period - Goal by Jean-Gabriel Pageau - Harfangs : 2 - Inferno : 2.
4:51 of 2nd period - Vladimir Sobotka wins face-off versus Jean-Gabriel Pageau in neutral zone.
5:23 of 2nd period - Wrist shot by Vojtech Polak.
5:23 of 2nd period - Deflect By Anders Lee.
5:23 of 2nd period - Shot Hit the Post.
5:23 of 2nd period - Puck is out of play.
5:24 of 2nd period - Cal O'Reilly wins face-off versus Calle Jarnkrok in Inferno zone.
5:49 of 2nd period - Tomas Kubalik is hit by David Ullstrom and loses puck.
5:56 of 2nd period - Wrist shot by David Ullstrom.
5:56 of 2nd period - Shot Misses the Net.
5:58 of 2nd period - Wrist shot by Vladimir Zharkov.
5:58 of 2nd period - Shot Misses the Net.
6:35 of 2nd period - Wrist shot by Sebastian Wannstrom.
6:35 of 2nd period - Shot Misses the Net.
6:41 of 2nd period - Sebastian Wannstrom is hit by Greg Pateryn and loses puck.
7:02 of 2nd period - Wrist shot by Esa Lindell.
7:02 of 2nd period - Shot Blocked by Andreas Martinsen.
7:20 of 2nd period - Wrist shot by Tomas Kubalik.
7:20 of 2nd period - Shot Misses the Net.
7:22 of 2nd period - Snap shot by Cody Eakin.
7:22 of 2nd period - Stopped by Michael Hutchinson with a rebound.
7:24 of 2nd period - Slapshot by Cody Eakin.
7:24 of 2nd period - Stopped by Michael Hutchinson without a rebound.
7:25 of 2nd period - Anders Lee wins face-off versus Jean-Gabriel Pageau in Inferno zone.
8:25 of 2nd period - Snap shot by David Ullstrom.
8:25 of 2nd period - Shot Misses the Net.
8:37 of 2nd period - Esa Lindell is hit by Jean-Gabriel Pageau and loses puck.
8:44 of 2nd period - Wrist shot by Cal O'Reilly.
8:44 of 2nd period - Shot Blocked by Michal Repik.
8:46 of 2nd period - Slapshot by Tanner Pearson.
8:46 of 2nd period - Shot Misses the Net.
8:56 of 2nd period - Slapshot by Jean-Gabriel Pageau.
8:56 of 2nd period - Shot Misses the Net.
8:58 of 2nd period - Snap shot by Nathan Beaulieu.
8:58 of 2nd period - Stopped by Michael Hutchinson without a rebound.
8:59 of 2nd period - Philip Varone wins face-off versus Colton Sissons in Inferno zone.
9:30 of 2nd period - Off-side.
9:31 of 2nd period - Cody Eakin wins face-off versus Vladimir Sobotka in neutral zone.
9:44 of 2nd period - Slapshot by Vojtech Polak.
9:44 of 2nd period - Stopped by Michael Hutchinson without a rebound.
9:45 of 2nd period - Jean-Gabriel Pageau wins face-off versus Anders Lee in Inferno zone.
9:57 of 2nd period - Snap shot by Bryan Rust.
9:57 of 2nd period - Stopped by Andrew Hammond without a rebound.
9:58 of 2nd period - David Ullstrom wins face-off versus Cody Eakin in Harfangs zone.
10:07 of 2nd period - Snap shot by Vladimir Zharkov.
10:07 of 2nd period - Shot Misses the Net.
10:28 of 2nd period - Slapshot by Vladimir Sobotka.
10:28 of 2nd period - Shot Misses the Net.
10:36 of 2nd period - Slapshot by Vojtech Polak.
10:36 of 2nd period - Stopped by Michael Hutchinson with a rebound.
10:38 of 2nd period - Snap shot by Tomas Kubalik.
10:38 of 2nd period - Shot Misses the Net.
10:42 of 2nd period - Wrist shot by Vojtech Polak.
10:42 of 2nd period - Shot Misses the Net.
10:56 of 2nd period - Snap shot by Tomas Kubalik.
10:56 of 2nd period - Goal by Tomas Kubalik - Harfangs : 3 - Inferno : 2.
10:57 of 2nd period - Jean-Gabriel Pageau wins face-off versus Anders Lee in neutral zone.
11:22 of 2nd period - Snap shot by Sebastian Wannstrom.
11:22 of 2nd period - Shot Blocked by Sami Vatanen.
11:24 of 2nd period - Slapshot by Mark Alt.
11:24 of 2nd period - Deflect By Jujhar Khaira.
11:24 of 2nd period - Shot Misses the Net.
11:24 of 2nd period - Puck is out of play.
11:25 of 2nd period - Cal O'Reilly wins face-off versus Colton Sissons in Inferno zone.
11:25 of 2nd period - Cal O'Reilly is hit by Jujhar Khaira.
11:33 of 2nd period - Wrist shot by Esa Lindell.
11:33 of 2nd period - Shot Blocked by Mark Alt.
11:35 of 2nd period - Slapshot by Luca Sbisa.
11:35 of 2nd period - Deflect By Esa Lindell.
11:35 of 2nd period - Shot Misses the Net.
11:35 of 2nd period - Puck is out of play.
11:36 of 2nd period - Vladimir Sobotka wins face-off versus Jean-Gabriel Pageau in Harfangs zone.
11:37 of 2nd period - Snap shot by David Ullstrom.
11:37 of 2nd period - Stopped by Andrew Hammond with a rebound.
11:39 of 2nd period - Wrist shot by David Ullstrom.
11:39 of 2nd period - Stopped by Andrew Hammond without a rebound.
11:40 of 2nd period - Vladimir Sobotka wins face-off versus Jean-Gabriel Pageau in Harfangs zone.
12:28 of 2nd period - Snap shot by Calle Jarnkrok.
12:28 of 2nd period - Stopped by Michael Hutchinson with a rebound.
12:30 of 2nd period - Snap shot by Calle Jarnkrok.
12:30 of 2nd period - Deflect By Andreas Martinsen.
12:30 of 2nd period - Shot Misses the Net.
12:30 of 2nd period - Puck is out of play.
12:31 of 2nd period - Anders Lee wins face-off versus Jean-Gabriel Pageau in Inferno zone.
12:36 of 2nd period - Snap shot by Anders Lee.
12:36 of 2nd period - Stopped by Andrew Hammond without a rebound.
12:37 of 2nd period - Vladimir Sobotka wins face-off versus Jean-Gabriel Pageau in Harfangs zone.
12:40 of 2nd period - Wrist shot by David Ullstrom.
12:40 of 2nd period - Shot Blocked by Jean-Gabriel Pageau.
13:09 of 2nd period - Slapshot by Nathan Beaulieu.
13:09 of 2nd period - Goal by Nathan Beaulieu - Harfangs : 4 - Inferno : 2.
13:09 of 2nd period - Christopher Gibson enters game.
13:10 of 2nd period - Cody Eakin wins face-off versus Vladimir Sobotka in neutral zone.
13:10 of 2nd period - Cody Eakin is hit by David Ullstrom.
13:40 of 2nd period - Slapshot by Victor Bartley.
13:40 of 2nd period - Stopped by Christopher Gibson with a rebound.
13:42 of 2nd period - Snap shot by Dustin Jeffrey.
13:42 of 2nd period - Shot Misses the Net.
13:44 of 2nd period - Snap shot by Dustin Jeffrey.
13:44 of 2nd period - Shot Misses the Net.
13:46 of 2nd period - Snap shot by Jean-Gabriel Pageau.
13:46 of 2nd period - Stopped by Christopher Gibson without a rebound.
13:47 of 2nd period - Calle Jarnkrok wins face-off versus Anders Lee in Inferno zone.
14:12 of 2nd period - Sami Vatanen is hit by Vojtech Polak and loses puck.
14:23 of 2nd period - Tomas Kubalik is hit by David Ullstrom and loses puck.
14:38 of 2nd period - Wrist shot by Michal Repik.
14:38 of 2nd period - Goal by Michal Repik - Harfangs : 5 - Inferno : 2.
14:39 of 2nd period - Jean-Gabriel Pageau wins face-off versus Anders Lee in neutral zone.
14:44 of 2nd period - Snap shot by Brian Lashoff.
14:44 of 2nd period - Stopped by Christopher Gibson with a rebound.
14:46 of 2nd period - Snap shot by Dustin Jeffrey.
14:46 of 2nd period - Shot Misses the Net.
15:10 of 2nd period - Snap shot by Tomas Kubalik.
15:10 of 2nd period - Deflect By Cody Eakin.
15:10 of 2nd period - Deflect By David Ullstrom.
15:10 of 2nd period - Stopped by Christopher Gibson without a rebound.
15:11 of 2nd period - Cody Eakin wins face-off versus Vladimir Sobotka in Inferno zone.
15:12 of 2nd period - Snap shot by Tomas Kubalik.
15:12 of 2nd period - Stopped by Christopher Gibson with a rebound.
15:14 of 2nd period - Wrist shot by Vojtech Polak.
15:14 of 2nd period - Stopped by Christopher Gibson without a rebound.
15:14 of 2nd period - Minor Penalty to Christopher Gibson for Slashing.
15:15 of 2nd period - Cody Eakin wins face-off versus David Ullstrom in Inferno zone.
15:22 of 2nd period - Slapshot by Tomas Kubalik.
15:22 of 2nd period - Goal by Tomas Kubalik - Harfangs : 6 - Inferno : 2.
15:23 of 2nd period - Cody Eakin wins face-off versus Cal O'Reilly in neutral zone.
16:38 of 2nd period - Wrist shot by Matthew Nieto.
16:38 of 2nd period - Stopped by Andrew Hammond with a rebound.
16:52 of 2nd period - Sami Vatanen is hit by Tomas Kubalik and loses puck.
17:01 of 2nd period - Wrist shot by Cal O'Reilly.
17:01 of 2nd period - Shot Misses the Net.
17:03 of 2nd period - Slapshot by Esa Lindell.
17:03 of 2nd period - Shot Misses the Net.
17:19 of 2nd period - Slapshot by Vladimir Sobotka.
17:19 of 2nd period - Shot Blocked by Calle Jarnkrok.
17:21 of 2nd period - Slapshot by Luca Sbisa.
17:21 of 2nd period - Shot Blocked by Victor Bartley.
17:23 of 2nd period - Wrist shot by Vladimir Zharkov.
17:23 of 2nd period - Stopped by Andrew Hammond with a rebound.
17:38 of 2nd period - Wrist shot by Dustin Jeffrey.
17:38 of 2nd period - Deflect By Michal Repik.
17:38 of 2nd period - Stopped by Christopher Gibson without a rebound.
17:39 of 2nd period - Jean-Gabriel Pageau wins face-off versus Anders Lee in Inferno zone.
17:46 of 2nd period - Snap shot by Michal Repik.
17:46 of 2nd period - Deflect By Dustin Jeffrey.
17:46 of 2nd period - Stopped by Christopher Gibson without a rebound.
17:47 of 2nd period - Cody Eakin wins face-off versus Anders Lee in Inferno zone.
17:54 of 2nd period - Snap shot by Vojtech Polak.
17:54 of 2nd period - Stopped by Christopher Gibson without a rebound.
17:55 of 2nd period - Vladimir Sobotka wins face-off versus Vojtech Polak in Inferno zone.
18:00 of 2nd period - Slapshot by David Savard.
18:00 of 2nd period - Stopped by Andrew Hammond with a rebound.
18:02 of 2nd period - Slapshot by Vladimir Zharkov.
18:02 of 2nd period - Stopped by Andrew Hammond without a rebound.
18:03 of 2nd period - Vladimir Sobotka wins face-off versus Cody Eakin in Harfangs zone.
18:04 of 2nd period - Backhand shot by David Ullstrom.
18:04 of 2nd period - Deflect By Vladimir Zharkov.
18:04 of 2nd period - Shot Misses the Net.
18:04 of 2nd period - Puck is out of play.
18:05 of 2nd period - Vladimir Sobotka wins face-off versus Cody Eakin in Harfangs zone.
18:21 of 2nd period - Off-side.
18:22 of 2nd period - Anders Lee wins face-off versus Jean-Gabriel Pageau in neutral zone.
18:49 of 2nd period - Luca Sbisa is hit by Tomas Kubalik and loses puck.
18:54 of 2nd period - Snap shot by Cody Eakin.
18:54 of 2nd period - Goal by Cody Eakin - Harfangs : 7 - Inferno : 2.
18:55 of 2nd period - Vladimir Sobotka wins face-off versus Cody Eakin in neutral zone.
19:08 of 2nd period - Slapshot by Vladimir Sobotka.
19:08 of 2nd period - Shot Misses the Net.
19:22 of 2nd period - Cal O'Reilly is hit by Joel Armia and loses puck.
19:41 of 2nd period - Minor Penalty to Colby Robak for Hooking.
19:42 of 2nd period - Cody Eakin wins face-off versus Vladimir Sobotka in Inferno zone.
Goals for this period are 6 for Harfangs vs 0 for Inferno.
Shots for this period are 23 for Harfangs vs 11 for Inferno.

3rd period


0:01 of 3rd period - Vladimir Sobotka wins face-off versus Cody Eakin in neutral zone.
0:16 of 3rd period - Vladimir Sobotka is hit by Victor Bartley and loses puck.
1:41 of 3rd period - Penalty to Colby Robak is over, Colby Robak is back on ice.
1:55 of 3rd period - Snap shot by Calle Jarnkrok.
1:55 of 3rd period - Goal by Calle Jarnkrok - Harfangs : 8 - Inferno : 2.
1:55 of 3rd period - Michael Hutchinson enters game.
1:56 of 3rd period - Jean-Gabriel Pageau wins face-off versus Anders Lee in neutral zone.
1:59 of 3rd period - Anders Lee is hit by Victor Bartley and loses puck.
2:32 of 3rd period - Snap shot by Vladimir Zharkov.
2:32 of 3rd period - Stopped by Andrew Hammond without a rebound.
2:33 of 3rd period - Cal O'Reilly wins face-off versus Jean-Gabriel Pageau in Harfangs zone.
2:58 of 3rd period - Vojtech Polak is hit by Vladimir Zharkov and loses puck.
3:40 of 3rd period - Minor Penalty to Philip Varone for Charging.
3:41 of 3rd period - Cody Eakin wins face-off versus Vladimir Sobotka in Inferno zone.
3:43 of 3rd period - Slapshot by Cody Eakin.
3:43 of 3rd period - Stopped by Michael Hutchinson with a rebound.
3:45 of 3rd period - Slapshot by Victor Bartley.
3:45 of 3rd period - Stopped by Michael Hutchinson with a rebound.
4:45 of 3rd period - Michal Repik is hit by Cal O'Reilly and loses puck.
4:51 of 3rd period - Icing by Dylan Olsen.
4:52 of 3rd period - Vladimir Sobotka wins face-off versus Jean-Gabriel Pageau in Harfangs zone.
5:04 of 3rd period - Icing by Tomas Kubalik.
5:05 of 3rd period - Cody Eakin wins face-off versus David Ullstrom in Harfangs zone.
5:32 of 3rd period - Minor Penalty to Vladimir Zharkov for Tripping.
5:33 of 3rd period - Vladimir Sobotka wins face-off versus Cody Eakin in Inferno zone.
5:40 of 3rd period - Penalty to Philip Varone is over, Philip Varone is back on ice.
5:43 of 3rd period - Off-side.
5:44 of 3rd period - Cody Eakin wins face-off versus Vladimir Sobotka in neutral zone.
7:32 of 3rd period - Penalty to Vladimir Zharkov is over, Vladimir Zharkov is back on ice.
8:05 of 3rd period - Snap shot by Sebastian Wannstrom.
8:05 of 3rd period - Stopped by Michael Hutchinson with a rebound.
8:33 of 3rd period - Wrist shot by Vladimir Sobotka.
8:33 of 3rd period - Shot Blocked by Mark Alt.
9:58 of 3rd period - Colby Robak is hit by Andreas Martinsen and loses puck.
10:32 of 3rd period - Dustin Jeffrey is hit by Bryan Rust and loses puck.
12:09 of 3rd period - Slapshot by Dylan Olsen.
12:09 of 3rd period - Shot Blocked by Greg Pateryn.
12:21 of 3rd period - Matt Kassian is hit by Joel Armia and loses puck.
13:00 of 3rd period - Wrist shot by Jean-Gabriel Pageau.
13:00 of 3rd period - Goal by Jean-Gabriel Pageau - Harfangs : 9 - Inferno : 2.
13:01 of 3rd period - Vladimir Sobotka wins face-off versus Cody Eakin in neutral zone.
13:04 of 3rd period - Wrist shot by David Ullstrom.
13:04 of 3rd period - Stopped by Andrew Hammond with a rebound.
13:26 of 3rd period - Colby Robak is hit by Brian Lashoff.
13:45 of 3rd period - Icing by Bryan Rust.
13:46 of 3rd period - Calle Jarnkrok wins face-off versus Anders Lee in Inferno zone.
13:59 of 3rd period - Snap shot by Anders Lee.
13:59 of 3rd period - Stopped by Andrew Hammond with a rebound.
14:01 of 3rd period - Snap shot by Anders Lee.
14:01 of 3rd period - Shot Blocked by Tomas Kubalik.
14:05 of 3rd period - Snap shot by Bryan Rust.
14:05 of 3rd period - Shot Misses the Net.
14:07 of 3rd period - Backhand shot by Matt Kassian.
14:07 of 3rd period - Shot Misses the Net.
14:09 of 3rd period - Snap shot by Bryan Rust.
14:09 of 3rd period - Shot Blocked by Nick Holden.
14:11 of 3rd period - Slapshot by David Savard.
14:11 of 3rd period - Stopped by Andrew Hammond with a rebound.
14:13 of 3rd period - Snap shot by Matt Kassian.
14:13 of 3rd period - Inferno goal is going for a video replay.
14:13 of 3rd period - The goal is good.
14:13 of 3rd period - Goal by Matt Kassian - Harfangs : 9 - Inferno : 3.
14:14 of 3rd period - David Ullstrom wins face-off versus Tomas Kubalik in neutral zone.
14:21 of 3rd period - Wrist shot by Vladimir Sobotka.
14:21 of 3rd period - Deflect By David Ullstrom.
14:21 of 3rd period - Goal by David Ullstrom - Harfangs : 9 - Inferno : 4.
14:22 of 3rd period - Vladimir Sobotka wins face-off versus Cody Eakin in neutral zone.
14:27 of 3rd period - Snap shot by Colby Robak.
14:27 of 3rd period - Shot Misses the Net.
14:29 of 3rd period - Wrist shot by David Ullstrom.
14:29 of 3rd period - Goal by David Ullstrom - Harfangs : 9 - Inferno : 5.
14:30 of 3rd period - Cody Eakin wins face-off versus Vladimir Sobotka in neutral zone.
14:36 of 3rd period - Colby Robak is hit by Vojtech Polak and loses puck.
15:00 of 3rd period - Snap shot by Anders Lee.
15:00 of 3rd period - Shot Misses the Net.
15:02 of 3rd period - Snap shot by Matt Kassian.
15:02 of 3rd period - Stopped by Andrew Hammond with a rebound.
15:04 of 3rd period - Snap shot by Matt Kassian.
15:04 of 3rd period - Shot Blocked by Michal Repik.
15:46 of 3rd period - Jujhar Khaira is hit by Vladimir Zharkov and loses puck.
16:29 of 3rd period - Slapshot by Dustin Jeffrey.
16:29 of 3rd period - Stopped by Michael Hutchinson with a rebound.
16:41 of 3rd period - Snap shot by Calle Jarnkrok.
16:41 of 3rd period - Stopped by Michael Hutchinson without a rebound.
16:42 of 3rd period - Anders Lee wins face-off versus Calle Jarnkrok in Inferno zone.
16:42 of 3rd period - Anders Lee is hit by Alex Plante.
17:37 of 3rd period - Snap shot by Matt Kassian.
17:37 of 3rd period - Shot Misses the Net.
17:45 of 3rd period - Slapshot by Matt Kassian.
17:45 of 3rd period - Stopped by Andrew Hammond with a rebound.
17:49 of 3rd period - Snap shot by Anders Lee.
17:49 of 3rd period - Stopped by Andrew Hammond without a rebound.
17:50 of 3rd period - Vladimir Sobotka wins face-off versus Cody Eakin in Harfangs zone.
18:03 of 3rd period - Slapshot by Vladimir Sobotka.
18:03 of 3rd period - Shot Misses the Net.
18:15 of 3rd period - Snap shot by Dustin Jeffrey.
18:15 of 3rd period - Stopped by Michael Hutchinson with a rebound.
18:59 of 3rd period - David Savard is hit by Tomas Kubalik and loses puck.
19:04 of 3rd period - Snap shot by Cody Eakin.
19:04 of 3rd period - Shot Blocked by David Savard.
Goals for this period are 2 for Harfangs vs 3 for Inferno.
Shots for this period are 8 for Harfangs vs 10 for Inferno.